 Dungeon Crawl Stone Soup version 0.24.1-8-ga250c9d538 (webtiles) character file.

Game seed: 1631759017724235248, levelgen mode: deterministic

63 Peloso the Covered (level 3, -2/29 HPs)
             Began as a Demonspawn Fighter on Apr 30, 2020.
             Slain by Natasha (3 damage)
             ... on level 2 of the Dungeon.
             The game lasted 00:01:28 (1489 turns).

Peloso the Covered (Demonspawn Fighter)             Turns: 1489, Time: 00:01:29

Health: -2/29      AC:  6    Str: 17    XL:     3   Next: 89%
Magic:  3/3        EV:  7    Int:  9    God:
Gold:   118        SH:  9    Dex: 12    Spells: 2/2 levels left

rFire    . . .     SeeInvis .   a - +0 long sword
rCold    . . .     Gourm    .   c - +0 shield
rNeg     . . .     Faith    .   b - +0 scale mail
rPois    .         Spirit   .   (no helmet)
rElec    .         Reflect  .   (no cloak)
rCorr    .         Harm     .   (no gloves)
MR       .....                  (no boots)
Stlth    ..........             (no amulet)
HPRegen  0.09/turn              (no ring)
MPRegen  0.08/turn              (no ring)

@: no status effects
A: powered by pain 1
a: no special abilities


You were on level 2 of the Dungeon.
You were near starving.

You visited 1 branch of the dungeon, and saw 2 of its levels.

You collected 118 gold pieces.

Inventory:

Hand Weapons
 a - a +0 long sword (weapon)
Armour
 b - a +0 scale mail (worn)
 c - a +0 shield (worn)
Scrolls
 e - a scroll of blinking {unknown}
 g - 2 scrolls of identify {unknown}
 h - a scroll of teleportation {unknown}
 k - a scroll of noise {unknown}
 l - a scroll of fog {unknown}
 m - a scroll of fear {unknown}
Potions
 d - 2 potions of might
 i - 2 potions of degeneration {unknown}
 j - a potion of berserk rage {unknown}
Comestibles
 f - 2 rations


   Skills:
 + Level 3.3 Fighting
 + Level 2.6 Long Blades
 + Level 3.3 Armour
 + Level 2.9 Shields


You had 2 spell levels left.
You didn't know any spells.
Your spell library was empty.

Dungeon Overview and Level Annotations

Branches:
Dungeon (2/15)

Altars:

Annotations:
D:2 Natasha


Innate Abilities, Weirdness & Mutations

You sometimes gain a little power by taking damage.


Message History

You feel yourself speed up.
You see here the felid corpse of Natasha.
You butcher the felid corpse of Natasha.
Things that are here:
2 chunks of flesh; the felid skeleton of Natasha Natasha, Servant of Life and Death comes into view.
She is carrying a wand of random effects (23).
The kobold hits you.
You hit the kobold but do no damage. The kobold barely misses you.
You block the kobold's attack.
You hit the kobold.
You kill the kobold!
Natasha casts a spell at you. The magic dart hits you!
* * * LOW HITPOINT WARNING * * *
Your shield prevents you from hitting Natasha.
You block Natasha's attack.
You closely miss Natasha. Natasha claws you.
* * * LOW HITPOINT WARNING * * *
Natasha claws you.
You die...

>.......##############
<..).(..... .........#
..)......## ........#
.........# #.......####
.........# #..[.......
....>....# #........#
.........# #........#
........## #.......#
#........# #..@....###.
#.######.# #..h.........
#.# #.### #..%.....#.##
#.# .?.# ##.#........
#.### #.###....#...##.#
....######.."..###....# #
...................#....
..................##.....
....######...............


You could see Natasha.

Vanquished Creatures
  Natasha (D:2)
  An ooze (D:2)
  A worm (D:2)
  2 leopard geckos (D:2)
  A bat (D:1)
  3 giant cockroaches
  3 goblins
  5 hobgoblins
  5 kobolds
  A ball python (D:2)
  3 frilled lizards
  2 rats
28 creatures vanquished.

Notes
Turn   | Place    | Note
-------+----------+-------------------------------------------
     0 | D:1      | Peloso the Demonspawn Fighter began the quest for the Orb.
     0 | D:1      | Reached XP level 1. HP: 18/18 MP: 1/1
   327 | D:1      | Gained mutation: You sometimes gain a little power by
                  | taking damage. [demonic ancestry]
   327 | D:1      | Reached XP level 2. HP: 24/24 MP: 2/2
  1114 | D:2      | Reached XP level 3. HP: 10/29 MP: 3/3
  1466 | D:2      | Noticed Natasha
  1475 | D:2      | Killed Natasha
  1482 | D:2      | Noticed Natasha
  1489 | D:2      | HP: 1/29 [Natasha (3)]
  1489 | D:2      | Slain by Natasha

Levels and vault maps discovered:
D:1:      scummos_arrival_simple_crosswalls, layout_loops_ring,
          serial_co_window_serial, co_window_corner_a, co_window_corner_a,
          co_window_corner_a, co_window_of_opportunity_a, co_window_cross_1,
          co_window_corner_a, co_window_paths_b, co_window_of_opportunity_b,
          co_window_unsneaky_path_b, co_window_2corner, co_window_4corner_b,
          glass_columns_b, glass_columns_b, glass_columns_b
D:2:      wander_river, layout_rooms, uniq_natasha

Skill      XL: |  1  2 |
---------------+-------+-----
Long Blades    | 2 |  2.6
Armour         | 3 |  3.3
Fighting       | |  3.3
Shields        | |  2.9

Action                   || total
-------------------------++-------
Melee: Long sword        ||    85
  Use: Potion            ||     1
Armor: Scale mail        ||    25
Dodge: Dodged            ||    32
Block: Shield            ||    31
       Rpst.: Long sword ||    10
